 Dungeon Crawl Stone Soup version bcrawl-1.38.1 (webtiles) character file.

Game seed: 2991056375878177820

299418 pheathergobbo575 the Basher (level 9, -3/67 HPs)
             Began as a Deep Dwarf Fighter on Apr 1, 2023.
             Was a Follower of Hepliaklqana.
             Slain by a white ugly thing (40 damage)
             ... on level 7 of the Dungeon.
             The game lasted 00:16:14 (6613 turns).

pheathergobbo575 the Basher (Deep Dwarf Fighter)    Turns: 6613, Time: 00:16:14

Health: -3/67      AC: 11    Str: 24      XL:     9   Next: 66%
Magic:  13/13      EV:  6    Int:  8      God:    Hepliaklqana [*.....]
Gold:   417        SH: 15    Dex: 10 (12) Spells: 8/8 levels left

rFire    + + .     GDR:     25% u - +1 morningstar
rCold    x . .     SeeInvis .   c - +0 medium shield
rNeg     . . .     Gourm    .   h - quicksilver dragon scales
rPois    .         Faith    .   y - +0 hat {MR+}
rElec    +         Spirit   .   w - +0 cloak
rCorr    .         Reflect  +   (no gloves)
MR       +++..                  (no boots)
Stlth    ..........             q - +6 amulet of reflection
HPRegen  0.00/turn              g - ring of Latued {Fire rElec}
MPRegen  0.13/turn              D - ring "Abiorph" {+Fly rF+}

@: non-regenerating
A: damage resistance, reduced essence, sense surroundings 2, no regeneration
a: Recall Ancestor, Ancestor Identity, Renounce Religion, Evoke Flight


You were on level 7 of the Dungeon.
You worshipped Hepliaklqana.
Hepliaklqana was aware of your devotion.
You were hungry.

You visited 1 branch of the dungeon, and saw 7 of its levels.
You also visited: Sewer.

You collected 417 gold pieces.

Inventory:

Hand Weapons
 l - a +1 hand axe of freezing
 u - a +1 morningstar (weapon)
Armour
 c - a +0 medium shield (worn)
 h - quicksilver dragon scales (worn)
 w - a +0 cloak (worn)
 y - a +0 hat of magic resistance (worn)
Jewellery
 g - the ring of Latued (left hand) {Fire rElec}
   (You found it on level 1 of the Dungeon)

   [ring of fire]

   It enhances your fire magic.
   It protects you from fire.
   It makes you vulnerable to cold.
   It insulates you from electricity.
 q - a +6 amulet of reflection (around neck)
 D - the ring "Abiorph" (right hand) {+Fly rF+}
   (You found it on level 7 of the Dungeon)

   [ring of flight]

   It protects you from fire.
   It lets you fly.
Wands
 p - a wand of iceblast (7)
 x - a wand of digging (10)
 z - a wand of charming (9)
Scrolls
 i - a scroll of fear
 k - 2 scrolls of amnesia
 m - a scroll of blinking
 n - 2 scrolls of magic mapping
 r - 3 scrolls of remove curse
 B - a scroll of torment {unknown}
 C - a scroll of teleportation
Potions
 a - 3 potions of lignification
 b - 3 potions of brilliance
 d - a potion of might
 e - 2 potions of degeneration
 f - a potion of mutation
 o - a potion of haste
 s - a potion of magic
 t - 3 potions of curing
Comestibles
 j - 9 rations {!d}


   Skills:
 - Level 3.0 Fighting
 - Level 8.7(11.0) Axes
 + Level 10.0(11.1) Maces & Flails
 - Level 3.2 Armour
 - Level 3.3 Shields
 - Level 6.3 Invocations


You had 8 spell levels left.
You didn't know any spells.
Your spell library contained the following spells:

 Spells                   Type           Power        Failure   Level  Hunger
 Slow                     Hex            #.......     100%        1    None
 Ensorcelled Hibernation  Hex/Ice        #.....       100%        2    ####...
 Confuse                  Hex            #.......     100%        3    #####..
 Dazzling Orbs            Conj/Hex       #......      100%        3    #####..
 Tukima's Dance           Hex            #.......     100%        3    #####..
 Cause Fear               Hex            #.........   100%        4    ######.


Dungeon Overview and Level Annotations

Branches:
Dungeon (7/12)             Temple (0/1) D:6
   Lair: D:7-9

Altars:
Gozag
Hepliaklqana
Lugonu
Makhleb
Nemelex Xobeh
Sif Muna
Wu Jian

Shops:
D:5 (

Annotations:
D:6 1 runed translucent door, yrara's ghost, novice DsFi


Innate Abilities, Weirdness & Mutations

You are resistant to damage.
You passively map the area around you.
You do not regenerate.
Your life essence is reduced to manifest your ancestor. (-10% HP)


Message History

You swap places.
You see here a +0 leather armour.
You see here 254 sling bullets.
A white ugly thing comes into view.
You have encountered a dangerous foe!
The white ugly thing gurgles horribly!
You are feeling hungry.
You barely miss the white ugly thing. The white ugly thing barely misses you.
Titus hits the white ugly thing.
You sock the white ugly thing!
The white ugly thing is moderately wounded.
You block the white ugly thing's attack.
Titus barely misses the white ugly thing.
A hippogriff comes into view.
Your shield and quicksilver dragon scales prevent you from hitting the white ugly thing.
The white ugly thing is moderately wounded.
The white ugly thing claws you. The white ugly thing freezes you!!!
You feel a terrible chill!
Ouch! That really hurt!
You die...

, , , , ** ..(# *, , * *
#..# * .(... #.[## * **
...... ######## #... ,,
.[...###(<....# #.. , , *
#.....##......# #.# ... *
*
.......#......###.###....
* *
.......#........R.....# ,
................@u...#..#
#.....#........^...#...#*
* , #........≈≈≈≈≈.=...#
..H#*
...÷...≈≈≈≈≈≈≈≈≈...#
,#..,* ,
......≈≈≈≈≈≈≈≈≈≈≈..# , #
, .....≈≈≈≈≈≈≈≈≈≈≈≈≈.# *
.....≈≈≈≈≈≈_≈≈≈≈≈≈.# ,
....[≈≈≈≈≈≈≈≈≈≈≈≈≈.# * ,
...#..≈≈≈≈≈≈≈≈≈≈≈..# *


You could see the friendly Titus the ancestor, a white ugly thing and a
hippogriff.

Vanquished Creatures
  The ghost of yrara the Insei, a novice DsFi (D:4)
  A hippogriff (D:6)
  The ghost of pecorinoman the Cudgeler, an amateur OgMo of Wu Jian (D:4)
  Sigmund (D:3)
  Eustachio (D:6)
  A black bear (D:7)
  3 sky beasts
  A phantom (D:5)
  2 necrophages
  An ogre (D:5)
  7 kobold brigands
  A bullfrog zombie (D:6)
  A crimson imp (D:5)
  2 hounds
  Crazy Yiuf (D:4)
  A jelly (D:5)
  An orc wizard (D:6)
  An iguana (D:5)
  2 bullfrog skeletons
  Natasha (thrice) (D:3)
  4 worker ants
  8 gnolls (D:2)
  9 adders
  2 river rats (Sewer)
  An ooze (Sewer)
  An adder skeleton (D:5)
  4 worms
  3 dart slugs
  9 leopard geckos
  14 orcs
  4 ball pythons
  3 bats
  6 giant cockroaches
  8 goblins
  6 hobgoblins
  4 jackals (D:4)
  17 kobolds
  4 quokkas
  3 frilled lizards
  A jackal skeleton (D:4)
  11 rats
  A spectral goblin (D:5)
156 creatures vanquished.

Vanquished Creatures (collateral kills)
  A hippogriff (D:7)
  2 kobolds (D:6)
3 creatures vanquished.

Vanquished Creatures (others)
  A kobold brigand (Sewer)
  A centaur (D:6)
  An orc (D:6)
3 creatures vanquished.

Grand Total: 162 creatures vanquished

Notes
Turn   | Place    | Note
-------+----------+-------------------------------------------
     0 | D:1      | pheathergobbo575 the Deep Dwarf Fighter began the quest for
                  | the Orb.
     0 | D:1      | Reached XP level 1. HP: 21/21 MP: 1/1
    41 | D:1      | Got a coiled tin ring
   180 | D:1      | Reached XP level 2. HP: 25/28 MP: 2/2
   242 | D:1      | Identified the ring of Latued {Fire rElec} (You found it on
                  | level 1 of the Dungeon)
   497 | D:1      | Reached ** piety under Elyvilon
   547 | D:1      | Reached XP level 3. HP: 27/34 MP: 3/3
   925 | D:2      | Reached skill level 1 in Invocations
   938 | D:2      | Reached XP level 4. HP: 26/42 MP: 1/5
  1015 | D:2      | Reached skill level 5 in Axes
  1260 | D:2      | Reached XP level 5. HP: 23/49 MP: 6/6
  1339 | D:3      | Found a shimmering blue altar of Sif Muna.
  1354 | D:3      | Noticed Natasha
  1369 | D:3      | Killed Natasha
  1644 | D:3      | Noticed Natasha
  1653 | D:3      | Killed Natasha
  1696 | D:3      | Noticed Sigmund
  1715 | D:3      | Killed Sigmund
  1716 | D:3      | Reached XP level 6. HP: 41/56 MP: 7/9
  1778 | D:3      | Found a faded altar of an unknown god.
  1941 | D:3      | Noticed Natasha
  1955 | D:3      | Killed Natasha
  2216 | D:4      | Reached *** piety under Elyvilon
  2381 | D:4      | Noticed a sky beast
  2394 | D:4      | Killed a sky beast
  2395 | D:4      | Reached XP level 7. HP: 39/62 MP: 10/10
  2544 | D:4      | Found a runed translucent gate.
  2544 | D:4      | Found a runed translucent gate.
  2544 | D:4      | Found a runed translucent gate.
  2547 | D:4      | Noticed yrara's ghost (novice DsFi)
  2548 | D:4      | Noticed pecorinoman's ghost (amateur OgMo)
  2586 | D:4      | Killed pecorinoman's ghost
  2587 | D:4      | Reached skill level 5 in Invocations
  2613 | D:4      | Killed yrara's ghost
  3127 | D:4      | Found an ornate altar of the Wu Jian Council.
  3434 | D:4      | Found a corrupted altar of Lugonu.
  3526 | D:4      | Found a runed door.
  3562 | D:4      | Noticed Crazy Yiuf
  3566 | D:4      | Killed Crazy Yiuf
  3567 | D:4      | Reached XP level 8. HP: 54/69 MP: 12/12
  3628 | D:5      | Entered Level 5 of the Dungeon
  3635 | D:5      | Reached skill level 1 in Maces & Flails
  3659 | D:5      | Reached **** piety under Elyvilon
  3720 | D:5      | Reached skill level 2 in Maces & Flails
  3780 | D:5      | Found a glowing drain.
  3811 | D:5      | Reached skill level 3 in Maces & Flails
  3851 | Sewer    | Entered a sewer
  3946 | Sewer    | Reached skill level 4 in Maces & Flails
  4066 | Sewer    | Reached skill level 5 in Maces & Flails
  4397 | Sewer    | Reached skill level 6 in Maces & Flails
  4569 | D:5      | Found Keukiw's Antique Weapon Shop.
  4663 | D:5      | Reached ***** piety under Elyvilon
  4691 | D:5      | Found a sparkling altar of Nemelex Xobeh.
  4828 | D:5      | Reached skill level 7 in Maces & Flails
  4899 | D:5      | Found a hazy altar of Hepliaklqana.
  4908 | D:5      | Fell from the grace of Elyvilon
  4908 | D:5      | Became a worshipper of Hepliaklqana the Forgotten
  4986 | D:5      | Gained mutation: You passively map the area around you.
                  | [Deep Dwarf growth]
  4986 | D:5      | Reached XP level 9. HP: 59/67 MP: 13/13
  5485 | D:6      | Reached skill level 8 in Maces & Flails
  5703 | D:6      | Found a runed translucent door.
  5717 | D:6      | Noticed yrara's ghost (novice DsFi)
  5727 | D:6      | Reached * piety under Hepliaklqana
  5761 | D:6      | Reached skill level 9 in Maces & Flails
  5957 | D:6      | Found a staircase to the Ecumenical Temple.
  5958 | D:6      | Noticed Eustachio
  6006 | D:6      | Killed Eustachio
  6325 | D:6      | Found an opulent altar of Gozag.
  6441 | D:6      | Found a burning altar of Makhleb.
  6524 | D:7      | Found a sparkling altar of Nemelex Xobeh.
  6528 | D:7      | Got a brightly glowing pewter ring
  6532 | D:7      | Identified the ring "Abiorph" {+Fly rF+} (You found it on
                  | level 7 of the Dungeon)
  6562 | D:7      | Reached skill level 10 in Maces & Flails
  6604 | D:7      | Noticed a white ugly thing
  6613 | D:7      | Slain by a white ugly thing

Skill      XL: |  1  2  3  4  5  6  7  8  9 |
---------------+----------------------------+-----
Axes           | 3 4 5 6 7 8 |  8.7
Invocations    | 1 2 4 6 |  6.3
Maces & Flails | 7 10 | 10.0
Fighting       | |  3.0
Armour         | |  3.2
Shields        | |  3.3

Action                   |  1- 3 |  4- 6 |  7- 9 || total
-------------------------+-------+-------+-------++-------
Melee: War axe           |    55 |       |       ||    55
       Hand axe          |    36 |   166 |    65 ||   267
       Morningstar       |       |       |   358 ||   358
Invok: Lesser Healing    |     3 |     7 |     8 ||    18
       Heal Other        |       |       |     2 ||     2
  Use: Scroll            |     1 |       |    15 ||    16
       Potion            |       |       |     1 ||     1
 Stab: Distracted        |       |       |     1 ||     1
  Eat: Chunk             |     3 |    12 |    17 ||    32
       Ration            |       |       |     3 ||     3
Armor: Scale mail        |    62 |    30 |       ||    92
       Chain mail        |       |    41 |       ||    41
       Quicksilver drago |       |     2 |   172 ||   174
Dodge: Dodged            |    27 |    15 |    62 ||   104
Block: Medium shield     |    60 |    66 |   359 ||   485
       Reflection        |       |       |    35 ||    35
